 Dungeon Crawl Stone Soup version 0.25.0-46-gbd7b0854d2 (webtiles) character file.

Game seed: 10217116439080892666

148 Milting the Skirmisher (level 5, -3/59 HPs)
             Began as an Ogre Berserker on July 12, 2020.
             Was a Believer of Trog.
             Slain by a gnoll
             ... wielding a +0 spear
              (10 damage)
             ... on level 3 of the Dungeon.
             The game lasted 00:09:09 (2517 turns).

Milting the Skirmisher (Ogre Berserker)             Turns: 2517, Time: 00:09:10

Health: -3/59      AC:  3    Str: 22    XL:     5   Next: 30%
Magic:  5/5        EV: 10    Int:  8    God:    Trog [**....]
Gold:   133        SH:  0    Dex:  8    Spells: 4/4 levels left

rFire    . . .     SeeInvis .   a - +0 hand axe
rCold    . . .     Gourm    .   (no shield)
rNeg     . . .     Faith    .   b - +0 animal skin
rPois    .         Spirit   .   (helmet restricted)
rElec    .         Reflect  .   (no cloak)
rCorr    .         Harm     .   (gloves unavailable)
MR       ++...     Rnd*Tele +   (boots unavailable)
Stlth    +.........             i - amulet of regeneration
HPRegen  1.59/turn              j - ring of teleportation (curse)
MPRegen  0.09/turn              (no ring)

@: regenerating
A: large, unfitting armour, tough skin 1
a: Berserk, Trog's Hand, Renounce Religion


You were on level 3 of the Dungeon.
You worshipped Trog.
Trog was pleased with you.
You were hungry.

You visited 1 branch of the dungeon, and saw 3 of its levels.

You collected 133 gold pieces.

Inventory:

Hand Weapons
 a - a +0 hand axe (weapon)
Missiles
 e - 68 stones
 p - 2 large rocks (quivered)
Armour
 b - a +0 animal skin (worn)
 k - a +0 ring mail
 q - a +0 pair of gloves
 v - a +0 helmet
Jewellery
 i - an amulet of regeneration (around neck)
 j - a cursed ring of teleportation (left hand)
Wands
 w - a wand of random effects (10)
Scrolls
 f - a scroll of enchant armour {unknown}
 h - a scroll of teleportation {unknown}
 n - 3 scrolls of remove curse {unknown}
 o - 2 scrolls of identify {unknown}
 u - a scroll of fog {unknown}
Potions
 d - a potion of degeneration {unknown}
 g - a potion of brilliance {unknown}
 l - a potion of haste {unknown}
 m - a potion of invisibility {unknown}
 s - a potion of lignification {unknown}
 t - a potion of mutation {unknown}
Comestibles
 c - 3 rations
 r - 6 chunks of flesh


   Skills:
 * Level 5.7 Fighting
 * Level 4.3 Axes
 + Level 3.3 Dodging


You had 4 spell levels left.
You didn't know any spells.
Your spell library was empty.

Dungeon Overview and Level Annotations

Branches:
Dungeon (3/15)

Altars:


Innate Abilities, Weirdness & Mutations

You are too large for most types of armour.
You have tough skin. (AC +1)


Message History

You hit the gnoll.
The gnoll is severely wounded.
You hit the giant cockroach. The giant cockroach barely misses you.
The gnoll closely misses you. The giant cockroach bites you.
* * * LOW HITPOINT WARNING * * *
Your skin crawls.
You feel resistant to hostile enchantments.
You are feeling hungry.
The gnoll hits you from afar with a +0 spear.
* * * LOW HITPOINT WARNING * * *
The giant cockroach barely misses you.
You hit the gnoll.
The gnoll is heavily wounded.
You hit the giant cockroach.
You kill the giant cockroach!
Trog accepts your kill. The gnoll hits you with a +0 flail!
* * * LOW HITPOINT WARNING * * *
The gnoll hits you from afar with a +0 spear!
You die...

##. ... #.# #.# #r#
######.# #......#
#.####@# ####..$ggg#
.........o#############
###...†.g...(........#
#.....(.(#########.#
#.......## #.#
######.## #.# #.# #.#
#.# #######.#


You could see 4 gnolls, an orc and a rat.

Vanquished Creatures
  6 adders
  3 oozes
  A dart slug (D:1)
  2 worms
  2 leopard geckos
  8 orcs (D:3)
  6 bats
  4 giant cockroaches
  7 goblins
  4 hobgoblins
  4 jackals (D:1)
  4 kobolds
  2 quokkas (D:2)
  3 frilled lizards (D:1)
  8 rats
64 creatures vanquished.

Notes
Turn   | Place    | Note
-------+----------+-------------------------------------------
     0 | D:1      | Milting the Ogre Berserker began the quest for the Orb.
     0 | D:1      | Reached XP level 1. HP: 24/24 MP: 1/1
   334 | D:1      | Reached XP level 2. HP: 32/32 MP: 2/2
   514 | D:1      | Reached XP level 3. HP: 32/40 MP: 3/3
  1029 | D:1      | Reached ** piety under Trog
  1390 | D:2      | Reached skill level 5 in Fighting
  1486 | D:2      | Reached XP level 4. HP: 50/50 MP: 4/4
  2274 | D:3      | Reached XP level 5. HP: 41/57 MP: 5/5
  2517 | D:3      | Slain by a gnoll

Illustrated notes

Levels and vault maps discovered:
D:1:      dpeg_arrival_shelter, layout_loops_ring, serial_glass,
          glass_columns_a, glass_columns_b, minmay_pentomino_s4
D:2:      layout_loops_corners
D:3:      layout_loops_corners, chequers_ecumenical_altar_simple_redux

Skill      XL: |  1  2  3  4 |
---------------+-------------+-----
Dodging        | 3 |  3.3
Fighting       | 5 |  5.7
Axes           | 4 |  4.3

Action                   |  1- 3 |  4- 6 || total
-------------------------+-------+-------++-------
Melee: Hand axe          |   119 |   102 ||   221
Invok: Trog's Hand       |       |     1 ||     1
  Eat: Chunk             |     2 |     3 ||     5
Armor: Animal skin       |    51 |    29 ||    80
Dodge: Dodged            |    74 |    77 ||   151
